 Dungeon Crawl Stone Soup version 0.30.0-29-ga12c61a403 (webtiles) character file.

Game seed: 13180033954224488513

26756 AgateBread the Carver (level 13, -6/116 HPs)
             Began as a Red Draconian Fighter on June 23, 2023.
             Was an Initiate of Gozag.
             Mangled by a 13-headed hydra (9 damage)
             ... on level 2 of the Lair of Beasts on June 24, 2023.
             The game lasted 01:36:25 (17311 turns).

AgateBread the Carver (Red Draconian Fighter)      Turns: 17311, Time: 01:36:26

Health: -6/116     AC: 14    Str: 20    XL:     13   Next: 0%
Magic:  25/25      EV: 13    Int: 14    God:    Gozag
Gold:   978        SH:  0    Dex: 17    Spells: 19/28 levels left

rFire   + + .        c - +9 great sword "Pocem" {pain, rC+ Will+ rCorr Int+2}
rCold   + . .        (shield currently unavailable)
rNeg    . . .        (body armour unavailable)
rPois   +            (helmet restricted)
rElec   +            q - +2 cloak
rCorr   +            f - +1 pair of gloves
SInv    .            d - +0 pair of boots
Will    ++...        C - amulet of the acrobat
Stlth   ++           r - +6 ring of dexterity
HPRegen 0.39/turn    L - ring of willpower
MPRegen 0.19/turn

%: acrobat
@: resistant, hasted, very quick
A: breathe fire, AC +8, unfitting armour, fire resistance 1, cold-blooded, cold
vulnerability 1
a: Breathe Fire, Renounce Religion, Potion Petition, Call Merchant, Bribe Branch


You were on level 2 of the Lair of Beasts.
You worshipped Gozag.
Gozag was pleased with you.
You visited 4 branches of the dungeon, and saw 16 of its levels.
You also visited: Sewer.

You collected 3256 gold pieces.
You spent 368 gold pieces at shops.
You paid 1910 gold pieces to Gozag.

Inventory:

Hand Weapons
 a - a +0 long sword of draining
 c - the +9 great sword "Pocem" (weapon) {pain, rC+ Will+ rCorr Int+2}
   (You bought it in a shop on level 10 of the Dungeon)

   Int:       It affects your intelligence (+2).
   rC:        It protects you from cold.
   rCorr:     It protects you from acid and corrosion.
   Will:      It increases your willpower.
 u - a +2 dagger of freezing
 M - a +0 spear of venom
 N - a +0 long sword of venom
Missiles
 h - 29 poisoned darts
 m - 3 boomerangs
 t - 9 javelins
 R - a curare-tipped dart
Armour
 b - a +0 buckler
 d - a +0 pair of boots (worn)
 f - a +1 pair of gloves (worn)
 q - a +2 cloak (worn)
 G - an orb of guile
Magical Staves
 l - a staff of conjuration
 O - a staff of air
 Q - a staff of fire
Jewellery
 g - a ring of protection from fire
 r - a +6 ring of dexterity (left hand)
 C - an amulet of the acrobat (around neck)
 J - a ring of positive energy
 L - a ring of willpower (right hand)
 V - a ring of magical power
Wands
 e - a wand of light (21)
 v - a wand of polymorph (9)
 x - a wand of mindburst (1)
 I - a wand of paralysis (9) (quivered)
 S - a wand of roots (11)
 X - a wand of flame (5)
Scrolls
 j - 4 scrolls of vulnerability
 n - 2 scrolls of magic mapping
 z - 2 scrolls of enchant weapon
 F - 2 scrolls of fog
 H - 2 scrolls of amnesia
 K - 3 scrolls of immolation
Potions
 i - 2 potions of ambrosia
 k - 3 potions of brilliance
 o - 3 potions of lignification
 w - a potion of resistance
 A - 3 potions of curing
 U - 3 potions of flight


   Skills:
 - Level 11.0 Fighting
 - Level 13.1 Long Blades
 - Level 2.6 Dodging
 - Level 5.0 Shields
 - Level 8.0 Spellcasting
 + Level 7.3 Conjurations
 - Level 3.1 Necromancy
 + Level 4.7 Fire Magic
 - Level 8.0 Poison Magic


You had 19 spell levels left.
You knew the following spells:

 Your Spells              Type           Power      Damage    Failure   Level
a - Olgreb's Toxic Radia  Pois           28%        N/A       4%          4
b - Fireball              Conj/Fire      11%        3d7       30%         5

Your spell library contained the following spells:

 Spells                   Type           Power      Damage    Failure   Level
 Sting                    Tmut/Pois      64%        1d6       2%          1
 Shock                    Conj/Air       60%        1d6       3%          1
 Poisonous Vapours        Pois/Air       32%        N/A       3%          2
 Cigotuvi's Dreadful Rot  Necr/Pois/Air  32%        N/A       4%          2
 Iskenderun's Battlesphe  Conj           26%        2d8       19%         5
 Dispel Undead            Necr           14%        3d10      34%         4
 Swiftness                Air            5%         N/A       36%         3
 Airstrike                Air            2%         2d(1-17)  77%         4
 Blade Hands              Tmut           2%         N/A       98%         5
 Conjure Ball Lightning   Conj/Air       7%         3x3d6     99%         6
 Death Channel            Necr           7%         N/A       99%         6
 Iron Shot                Conj/Erth      7%         9d2       99%         6
 Orb of Destruction       Conj           13%        9d7       99%         7
 Animate Armour           Summ/Erth      Unusable   N/A       N/A         4

Dungeon Overview and Level Annotations

Branches:
Dungeon (11/15)            Temple (1/1) D:6            Lair (3/5) D:10
 Shoals (0/4) Lair:2        Snake (0/4) Lair:2          Orc (1/2) D:10
  Sewer (visited)

Altars:
Ashenzari
Cheibriados
Dithmenos
Elyvilon
Fedhas
Gozag
Hepliaklqana
Kikubaaqudgha
Makhleb
Nemelex Xobeh
Okawaru
Qazlal
Ru
Sif Muna
Trog
Uskayaw
Vehumet
Wu Jian
Xom
Yredelemnul
Zin
The Shining One

Shops:
D:10 (

Annotations:
D:2 1 runed translucent door, Crazy Yiuf
D:11 Nergalle


Innate Abilities, Weirdness & Mutations

You can breathe blasts of fire.
Your fiery red scales are hard. (AC +8)
You cannot fit into any form of body armour.
Your flesh is heat resistant. (rF+)
You are cold-blooded and may be slowed by cold attacks.
You are vulnerable to cold. (rC-)


Message History

Okay, then.
Throw: 3 boomerangs
Press: ? - help, Q - select action, (/) - cycle Shift-Dir - straight line, f/p - 11-headed hydra
Aim: an 11-headed hydra (severely wounded, blind, 81% to hit)
Okay, then. [a] - 560 gold - heal wounds, curing, haste and resistance [b] - 286 gold - might, brilliance and heal wounds [c] - 340 gold - resistance, might and lignification Purchase which effect?
You no longer have enough gold to fund merchants seeking to open stores in the dungeon.
You feel much better.
You feel better.
You feel yourself speed up.
You feel protected. The 11-headed hydra closely misses you.
The 11-headed hydra bites you! The 11-headed hydra misses you.
The 11-headed hydra barely misses you. x3
The 11-headed hydra bites you but does no damage. x2
The 11-headed hydra bites you. The 11-headed hydra bites you!
The 11-headed hydra barely misses you.
You hack one of the 11-headed hydra's heads off!
The ten-headed hydra grows two more!
You slash the 12-headed hydra!
The 12-headed hydra writhes in agony.
The 12-headed hydra is severely wounded.
The 12-headed hydra is no longer blind.
You slice one of the 12-headed hydra's heads off!
The 11-headed hydra grows two more!
You slice the 13-headed hydra!!
The 13-headed hydra is almost dead.
The 13-headed hydra barely misses you. The 13-headed hydra bites you.
The 13-headed hydra bites you but does no damage.
The 13-headed hydra closely misses you.
The 13-headed hydra barely misses you. x2
The 13-headed hydra bites you!
* * * LOW HITPOINT WARNING * * *
The 13-headed hydra bites you!
* * * LOW HITPOINT WARNING * * *
The 13-headed hydra bites you.
* * * LOW HITPOINT WARNING * * *
The 13-headed hydra bites you!
* * * LOW HITPOINT WARNING * * *
The 13-headed hydra bites you but does no damage. x2
The 13-headed hydra bites you!
You die...
Your body crumbles into a pile of gold.

# #.#..##.......##..#..# #.#...##
##.....##.##...#P..##.###...P.#.
#.#...#.#......#......##..#.#..#
#.#.......#.P......#..###...#.##
##...⌠.#..>...#...####..##^......
#..#...#.#.............###.###.#.
#.......##..P.....[....#..##..##
###.....##....#.........##.###..#
#.##.#..#....#..@D.....P....#....
..#.....###...............$..D.F.
..#.....###..#.##..###.###.......
.........####.##.### ### #..#....
..#......# ###### ###.F#....
..#.....## ##.#....... ..P.....##
#......=... .........#
##......... .........#
##.........


You could see a 13-headed hydra.

Vanquished Creatures
  2 two-headed ogres
  3 harpies (Lair:2)
  7 elephants
  2 gargoyles
  A torpor snail (Lair:2)
  7 cane toads
  A rime drake (Lair:2)
  6 komodo dragons
  3 trolls (D:10)
  4 polar bears
  A hornet (D:9)
  8 blink frogs (Lair:2)
  Sigmund (D:4)
  2 wraiths (D:10)
  4 shadows (D:10)
  34 yaks
  4 wyverns (D:10)
  An unseen horror simulacrum (D:9)
  6 vampire mosquitoes (D:10)
  A steam dragon (D:10)
  3 basilisks
  2 wargs (D:10)
  Edmund (D:4)
  2 nagas (Lair:2)
  An acid dragon (D:9)
  5 water moccasins
  7 orc warriors
  An ice beast (D:9)
  2 black bears
  3 ogres
  4 wolves
  2 centaurs
  2 phantoms
  7 bullfrogs
  4 kobold brigands
  4 scorpions
  2 gnoll sergeants
  4 wights
  4 killer bees
  2 electric eels (D:9)
  2 howler monkeys
  3 jellies
  A hound (D:4)
  13 orc priests
  An iguana (D:6)
  Terence (D:2)
  A gnoll bouda (Lair:2)
  A sleepcap (D:6)
  20 orc wizards
  Robin (D:2)
  15 gnolls
  11 adders
  A river rat (Sewer)
  2 shadow imps
  4 white imps
  2 ufetubi
  2 worms
  A dart slug (D:4)
  35 orcs
  15 ball pythons
  10 bats
  5 endoplasms
  4 giant cockroaches
  12 goblins
  9 hobgoblins
  5 jackals
  6 quokkas
  8 frilled lizards
  28 kobolds
  11 rats
390 creatures vanquished.

Vanquished Creatures (others)
  An orc wizard (D:9)
  A white imp (D:9)
2 creatures vanquished.

Grand Total: 392 creatures vanquished

Notes
Turn   | Place    | Note
-------+----------+-------------------------------------------
     0 | D:1      | AgateBread the Draconian Fighter began the quest for the
                  | Orb.
     0 | D:1      | Reached XP level 1. HP: 19/19 MP: 1/1
   135 | D:1      | Reached XP level 2. HP: 19/26 MP: 2/2
   543 | D:1      | Reached XP level 3. HP: 32/33 MP: 3/3
  1426 | D:2      | Noticed Robin
  1443 | D:2      | Killed Robin
  1450 | D:2      | Reached XP level 4. HP: 38/40 MP: 4/4
  1523 | D:2      | Found a faded altar of an unknown god.
  1536 | D:2      | Reached skill level 3 in Long Blades
  1726 | D:2      | Noticed Terence
  1741 | D:2      | Killed Terence
  1938 | D:2      | Found a runed translucent door.
  1939 | D:2      | Noticed Crazy Yiuf
  2011 | D:3      | Reached XP level 5. HP: 44/47 MP: 5/5
  2573 | D:3      | Reached skill level 5 in Fighting
  2903 | D:3      | Gained mutation: You are vulnerable to cold. (rC-) [potion
                  | of mutation]
  2970 | D:3      | Reached skill level 4 in Long Blades
  2970 | D:3      | Reached XP level 6. HP: 46/56 MP: 6/6
  3372 | D:4      | Noticed Sigmund
  3425 | D:4      | Killed Sigmund
  3426 | D:4      | Reached skill level 5 in Shields
  3426 | D:4      | Your scales start taking on a fiery red colour.
  3426 | D:4      | Reached XP level 7. HP: 57/63 MP: 7/7
  3426 | D:4      | Gained mutation: Your flesh is heat resistant. (rF+) [Red
                  | Draconian growth]
  3721 | D:4      | Reached skill level 5 in Long Blades
  4082 | D:4      | Noticed Edmund
  4133 | D:4      | Killed Edmund
  4717 | D:5      | Entered Level 5 of the Dungeon
  4806 | D:5      | Reached skill level 6 in Long Blades
  4822 | D:5      | Reached XP level 8. HP: 70/73 MP: 8/8
  5282 | D:5      | Found a hazy altar of Hepliaklqana.
  5643 | D:6      | Reached skill level 7 in Long Blades
  5731 | D:6      | Found a blossoming altar of Fedhas.
  5762 | D:6      | Reached skill level 8 in Long Blades
  5943 | D:6      | Found a glowing drain.
  5956 | Sewer    | Entered a sewer
  6018 | Sewer    | Reached skill level 1 in Spellcasting
  6063 | Sewer    | Found a white marble altar of Elyvilon.
  6318 | D:6      | Found an ornate altar of the Wu Jian Council.
  6462 | D:6      | Reached XP level 9. HP: 75/81 MP: 12/12
  6512 | D:6      | Found a staircase to the Ecumenical Temple.
  6568 | Temple   | Entered the Ecumenical Temple
  6687 | Temple   | Became a worshipper of Gozag Ym Sagoz the Greedy
  6899 | D:6      | Reached skill level 9 in Long Blades
  7736 | D:7      | Reached skill level 10 in Long Blades
  7736 | D:7      | Reached skill level 5 in Spellcasting
  8240 | D:8      | HP: 2/81 [yak (11)]
  8449 | D:8      | Found a shadowy altar of Dithmenos.
  8521 | D:8      | Reached XP level 10. HP: 51/88 MP: 18/18
  8654 | D:8      | Found a shimmering altar of Xom.
  8654 | D:8      | Found a snail-covered altar of Cheibriados.
  8655 | D:8      | Found a basalt altar of Yredelemnul.
  8669 | D:8      | Found a stormy altar of Qazlal.
  9212 | D:9      | Noticed a gargoyle
  9234 | D:9      | Killed a gargoyle
  9235 | D:9      | Reached skill level 11 in Long Blades
  9339 | D:9      | Noticed a two-headed ogre
  9351 | D:9      | Killed a two-headed ogre
 10111 | D:9      | Paralysed by a hornet for 2 turns
 10119 | D:9      | Reached XP level 11. HP: 76/99 MP: 22/22
 10844 | D:10     | Entered Level 10 of the Dungeon
 11027 | D:10     | Found a staircase to the Lair.
 11075 | D:10     | Reached skill level 12 in Long Blades
 11175 | D:10     | Reached skill level 10 in Fighting
 11313 | D:10     | Found a white marble altar of Elyvilon.
 11375 | D:10     | Found a staircase to the Orcish Mines.
 11446 | D:10     | Noticed a two-headed ogre
 11479 | D:10     | Reached skill level 1 in Conjurations
 11492 | D:10     | Killed a two-headed ogre
 12792 | D:11     | Noticed Nergalle
 12848 | Orc:1    | Entered Level 1 of the Orcish Mines
 12963 | Orc:1    | Noticed an orc knight
 12965 | Orc:1    | Found a bloodstained altar of Trog.
 13023 | D:10     | Reached skill level 1 in Poison Magic
 13048 | D:10     | Bought a twisted great sword for 368 gold pieces
 13048 | D:10     | Identified the +9 great sword "Pocem" {pain, rC+ Will+
                  | rCorr Int+2} (You bought it in a shop on level 10 of the
                  | Dungeon)
 13123 | Lair:1   | Entered Level 1 of the Lair of Beasts
 13148 | Lair:1   | Reached skill level 1 in Necromancy
 13429 | Lair:1   | Reached skill level 13 in Long Blades
 13730 | Lair:1   | Reached XP level 12. HP: 110/110 MP: 24/24
 13802 | Lair:1   | Reached skill level 5 in Conjurations
 14123 | Lair:1   | Learned a level 4 spell: Olgreb's Toxic Radiance
 14556 | Lair:2   | Noticed an eight-headed hydra
 14582 | Lair:2   | Identified a scroll of acquirement
 14582 | Lair:2   | Acquired a book of the Spheres
 14742 | Lair:2   | Found a staircase to the Snake Pit.
 15209 | Lair:2   | Reached skill level 5 in Poison Magic
 16230 | Lair:2   | Found a staircase to the Shoals.
 16249 | Lair:2   | Reached skill level 1 in Fire Magic
 16858 | Lair:3   | Learned a level 5 spell: Fireball
 17155 | Lair:3   | Noticed an eight-headed hydra
 17227 | Lair:2   | Reached XP level 13. HP: 113/116 MP: 17/25
 17311 | Lair:2   | HP: 3/116 [13-headed hydra (11)]
 17311 | Lair:2   | Mangled by a 13-headed hydra

Illustrated notes

Levels and vault maps discovered:
D:1:      dpeg_arrival_tiny_d, layout_loops_ring, serial_bayou_lagoon_b
D:2:      minmay_inner_zag, layout_loops_ring, basic_ecumenical_altar,
          uniq_terence, uniq_robin, uniq_crazy_yiuf_cottage
D:3:      layout_basic, minmay_starry_boxes
D:4:      layout_basic, minmay_snake_closets, uniq_sigmund, uniq_edmund
D:5:      layout_basic, nzn_hepliaklqana_mist_gate, st_stairs_9
D:6:      layout_loops_ring, nzn_wu_jian_contemplation, fedhas_altar_3,
          minmay_temple_entry_proselytizer, gup_sewer_entry_bubbles,
          amcnicky_mini_pool_medium
D:7:      layout_basic, minmay_misc_feat_four_crosses
D:8:      wander_river, layout_cave_pools, general_overflow_altar,
          nicolae_overflow_quartered_altars, hangedman_glass_teeth, st_stairs_7
D:9:      layout_cave_pods, serial_ice, serial_ice_n, serial_ice_e,
          serial_ice_h, serial_ice_l, serial_ice_a, serial_ice_f, serial_ice_d,
          nicolae_concentric_dashed_squares_wild, hangedman_minor_gate_pass
D:10:     minmay_polygon_palace, layout_basic, mainiacjoe_overflow_24_doors,
          erik_lair_orcish_takeover
D:11:     layout_basic, gammafunk_ghost_hive, uniq_nergalle, uniq_snorg,
          uniq_josephine, uniq_amaemon
Temple:   nicolae_temple_god_jail
Lair:1:   layout_regular_city, beast_lair_carwin_4
Lair:2:   layout_gridlike, nicolae_shoals_entry_roost,
          guppyfry_snake_entry_garden, dreamdust_gnoll_shepherd,
          grunt_megastairs_1
Lair:3:   layout_long_grid
Orc:1:    layout_diamond_mine, basic_altar, chequers_guarded_unrand_ignorance

Skill      XL: |  1  2  3  4  5  6  7  8  9 10 11 12 |
---------------+-------------------------------------+-----
Fighting       | 4 5 6 7 8 9 11 | 11.0
Long Blades    | 3 4 6 8 10 11 13 | 13.1
Shields        | 4 5 |  5.0
Spellcasting   | 2 5 7 8 |  8.0
Conjurations   | 4 7 |  7.3
Poison Magic   | 2 8 |  8.0
Necromancy     | 2 3 |  3.1
Fire Magic     | 4 |  4.7
Dodging        | |  2.6

Action                     |  1- 3 |  4- 6 |  7- 9 | 10-12 | 13-15 || total
---------------------------+-------+-------+-------+-------+-------++-------
  Melee: Long sword        |   147 |   181 |   547 |   528 |       ||  1403
         Tailslap          |    15 |    21 |    89 |   130 |     3 ||   258
         Unarmed           |       |    10 |       |       |       ||    10
         Great sword       |       |       |       |   225 |     6 ||   231
  Throw: Javelin           |     1 |     5 |    18 |     5 |       ||    29
         Throwing net      |       |     2 |       |     2 |       ||     4
         Dart              |       |       |       |     3 |       ||     3
         Boomerang         |       |       |       |     6 |       ||     6
   Cast: Olgreb's Toxic Ra |       |       |       |    13 |       ||    13
 Invoke: Call Merchant     |       |       |       |     1 |       ||     1
         Potion Petition   |       |       |       |     1 |     1 ||     2
Ability: Breathe Fire      |       |       |    10 |    15 |       ||    25
  Evoke: Wand              |       |       |       |    20 |     2 ||    22
    Use: Scroll            |     3 |     4 |     7 |    16 |       ||    30
         Potion            |       |     2 |     6 |     7 |       ||    15
   Stab: Sleeping          |     1 |       |     2 |       |       ||     3
         Distracted        |       |       |     2 |     3 |       ||     5
         Paralysed         |       |       |       |     7 |       ||     7
         Held in net/web   |       |       |       |     2 |       ||     2
         Invisible         |       |       |       |       |     1 ||     1
 Armour: Skin              |    44 |    92 |   199 |   262 |    19 ||   616
  Dodge: Dodged            |   104 |   121 |   342 |   473 |    44 ||  1084
  Block: Buckler           |    36 |    46 |   157 |   110 |       ||   349
